 Dungeon Crawl Stone Soup version 0.23.2-40-g277498a001 (webtiles) character file.

Game seed: 17436182416112792089

134 MalarOregon the Skirmisher (level 4, 0/40 HPs)
             Began as a Draconian Monk on Sept 18, 2019.
             Slain by Grinder (7 damage)
             ... on level 4 of the Dungeon.
             The game lasted 00:02:53 (2272 turns).

MalarOregon the Skirmisher (Draconian Monk)         Turns: 2272, Time: 00:02:54

Health: 0/40       AC:  5    Str: 13    XL:     4   Next: 95%
Magic:  4/4        EV: 13    Int: 10    God:
Gold:   156        SH:  0    Dex: 15    Spells: 3/3 levels left

rFire    . . .     SeeInvis .   m - +2 short sword (holy)
rCold    . . .     Gourm    .   (no shield)
rNeg     . . .     Faith    .   (armour unavailable)
rPois    .         Spirit   .   (helmet restricted)
rElec    .         Reflect  .   k - scarf {repulsion}
rCorr    .         Harm     .   (no gloves)
MR       .....                  (no boots)
Stlth    ++........             (no amulet)
HPRegen  0.13/turn              (no ring)
MPRegen  0.09/turn              (no ring)

@: repel missiles
A: unfitting armour, cold-blooded, AC +5
a: no special abilities


You were on level 4 of the Dungeon.
You were hungry.

You visited 1 branch of the dungeon, and saw 4 of its levels.

You collected 156 gold pieces.

Inventory:

Hand Weapons
 a - a +0 falchion
 c - a +0 dagger of draining
   (You took it off a kobold on level 1 of the Dungeon)
 m - a +2 short sword of holy wrath (weapon)
   (You took it off a kobold on level 3 of the Dungeon)
Armour
 k - a scarf of repulsion (worn)
   (You found it on level 3 of the Dungeon)
Scrolls
 d - a scroll of identify {unknown}
 f - a scroll of remove curse {unknown}
 g - 2 scrolls of fear {unknown}
 i - 2 scrolls of enchant weapon {unknown}
 l - a scroll of enchant armour {unknown}
Potions
 h - a potion of berserk rage {unknown}
Comestibles
 e - 4 rations {!d}
 j - a chunk of flesh


   Skills:
 + Level 4.0 Fighting
 + Level 1.5(2.9) Short Blades
 + Level 3.7(3.9) Long Blades
 + Level 3.3 Dodging
 + Level 2.7 Stealth


You had 3 spell levels left.
You didn't know any spells.
Your spell library was empty.

Dungeon Overview and Level Annotations

Branches:
Dungeon (4/15)
 Temple: D:4-7

Altars:
Kikubaaqudgha
Qazlal
Trog
Vehumet
Wu Jian
Xom

Annotations:
D:3 3 runed translucent doors, 4FPSwarrior's ghost, amateur VSEn
D:4 Grinder


Innate Abilities, Weirdness & Mutations

Your plain brown scales are hard. (AC +5)
You cannot fit into any form of body armour.
You are cold-blooded and may be slowed by cold attacks.


Message History

Done exploring.
Done exploring.
There is a bloodstained altar of Trog here.
There is a stone staircase leading down here.
You climb downwards.
Found a stone staircase leading up.
There is a stone staircase leading up here.
Found an escape hatch in the floor.
There is an escape hatch in the floor here.
Found a stone staircase leading down.
Grinder comes into view.
Wield which item (- for none, * to show all)? (? for menu, Esc to quit)
Your +2 short sword of holy wrath softly glows with a divine radiance!
m - a +2 short sword of holy wrath (weapon)
Grinder shouts!
Grinder gestures at you.
You suddenly lose the ability to move!
You can move again.
Unknown command.
Grinder gestures at you.
You shrug off the repeated paralysis!
Grinder says, "FISH!"
Grinder gestures at you. You resist with significant effort.
Grinder blinks!
Grinder gestures at you. Pain shoots through your body!
You hit Grinder.
Grinder convulses.
Grinder hits you.
You writhe in agony.
* * * LOW HITPOINT WARNING * * *
Unknown command.
You closely miss Grinder. Grinder gestures at you.
Pain shoots through your body!
* * * LOW HITPOINT WARNING * * *
You hit Grinder but do no damage.
Your tail-slap misses Grinder.
You are feeling hungry.
Grinder hits you but does no damage.
Unknown command.
It was a potion of curing.
You feel better. Grinder hits you.
* * * LOW HITPOINT WARNING * * *
You writhe in agony.
* * * LOW HITPOINT WARNING * * *
You feel better. Grinder hits you.
* * * LOW HITPOINT WARNING * * *
Unknown command.
You hit Grinder.
Grinder convulses.
Grinder closely misses you.
You hit Grinder.
Grinder convulses.
Grinder hits you.
* * * LOW HITPOINT WARNING * * *
You hit Grinder.
Grinder convulses.
Grinder hits you!
You die...

####.....# #.#
...>....## #.#
####.#..# #.#
#.##.#####.####
#.##.##.......#
#.##....##.##.#
#.#####.##.##.#
... ..##>##.#
..# ##.##.##@#
#.##.##5#
#.##.....
#.#####... .#
##.## .# .# .#


You could see Grinder.

Vanquished Creatures
  3 gnolls (D:3)
  3 adders
  A worm (D:2)
  A dart slug (D:3)
  A leopard gecko (D:1)
  3 orcs (D:3)
  A ball python (D:1)
  11 bats
  3 giant cockroaches
  9 goblins
  4 hobgoblins
  8 jackals
  3 quokkas
  4 frilled lizards
  7 kobolds
  5 rats
67 creatures vanquished.

Vanquished Creatures (others)
  A wizard (D:3)
1 creature vanquished.

Grand Total: 68 creatures vanquished

Notes
Turn   | Place    | Note
-------+----------+-------------------------------------------
     0 | D:1      | MalarOregon the Draconian Monk began the quest for the Orb.
     0 | D:1      | Reached XP level 1. HP: 19/19 MP: 1/1
    43 | D:1      | Found a burning altar of Makhleb.
    45 | D:1      | Found a stormy altar of Qazlal.
    45 | D:1      | Found a shimmering altar of Xom.
    47 | D:1      | Found an ornate altar of the Wu Jian Council.
    47 | D:1      | Found a radiant altar of Vehumet.
    47 | D:1      | Found an ancient bone altar of Kikubaaqudgha.
   143 | D:1      | Reached XP level 2. HP: 26/26 MP: 2/2
   724 | D:2      | Reached XP level 3. HP: 31/31 MP: 3/3
  1473 | D:3      | Reached skill level 1 in Short Blades
  1510 | D:3      | Reached XP level 4. HP: 25/40 MP: 4/4
  1566 | D:3      | Found a runed translucent gate.
  1567 | D:3      | Noticed 4FPSwarrior's ghost (amateur VSEn)
  1568 | D:3      | Found a runed translucent gate.
  1570 | D:3      | Found a runed translucent gate.
  1827 | D:3      | Reached skill level 4 in Fighting
  2194 | D:3      | Found a bloodstained altar of Trog.
  2195 | D:3      | Noticed a wizard
  2200 | D:3      | Killed a wizard
  2253 | D:4      | Noticed Grinder
  2255 | D:4      | Paralysed by Grinder for 5 turns
  2272 | D:4      | Slain by Grinder

Skill      XL: |  1  2  3  4 |
---------------+-------------+-----
Stealth        | 2 |  2.7
Dodging        | 3 |  3.3
Short Blades   | 1 |  1.5
Fighting       | 4 |  4.0
Long Blades    | |  3.7

Action                   |  1- 3 |  4- 6 || total
-------------------------+-------+-------++-------
Melee: Falchion          |    16 |       ||    16
       Dagger            |   113 |    80 ||   193
       Tailslap          |    12 |    10 ||    22
       Short sword       |       |     6 ||     6
  Use: Potion            |       |     2 ||     2
 Stab: Sleeping          |     9 |     1 ||    10
  Eat: Chunk             |     2 |     2 ||     4
Armor: Skin              |    44 |    43 ||    87
Dodge: Dodged            |    69 |   119 ||   188
       Rpst.: Falchion   |     3 |       ||     3
